cohdb
Replays
Latest Replays
All Replays
Popular Replays
Top Player Replays
Match Explorer
How It Works
Community
CoH3 Stats
Reddit
Sign in to upload your games and track your stats! →
Sign in with Steam
Match 39431682
Unlisted
Match 39431682
Overview
Messages
Build Orders
End
Selects Canadian Shock Battlegroup
Vickers Machine Gun Team
Construct Section Command Post
Infantry Section
ML 3-inch Mortar Team
Infantry Section
Construct Field Infirmary
Selects Attacking Spirit
Selects Canadian Shock Section
Canadian Shock Section
Construct Platoon Command Post
Selects Incendiary Munitions
Selects Burnout
Panzer
bbl drizzy
ALEJO5500
sk23
legion_66
Thrusher
+_+
NoReachAroundForYou
0
0
Comments
sign in to comment!
No comments posted yet!